 Dungeon Crawl Stone Soup version 0.32-a0-597-g8e3e136d6a (webtiles) character file.

Game seed: 12989957910687964435

85 dolemite99 the Shooter (level 4, -3/32 HPs)
             Began as a Coglin Hexslinger on Mar 2, 2024.
             Slain by a gnoll
             ... wielding a +0 club
              (6 damage)
             ... on level 2 of the Dungeon.
             The game lasted 00:01:07 (1948 turns).

dolemite99 the Shooter (Coglin Hexslinger)          Turns: 1948, Time: 00:01:08

Health: -3/32      AC:  2    Str:  8    XL:     4   Next: 48%
Magic:  5/5        EV: 12    Int: 12    God:
Gold:   48         SH:  0    Dex: 19    Spells: 5/5 levels left

rFire   . . .        a - +1 sling {Fernando}
rCold   . . .        d - -2 sling {Choonhe}
rNeg    . . .        c - +0 robe
rPois   .            (no helmet)
rElec   .            (no cloak)
rCorr   .            (no gloves)
SInv    .            (no boots)
Will    .....        (amulet unavailable)
Stlth   ++           (ring unavailable)
HPRegen 0.25/turn    (ring unavailable)
MPRegen 0.09/turn    (no gizmo)

%: no passive effects
@: attractive, revved
A: off-hand wielding, slow wielding, warmup strikes, no jewellery
a: Invent Gizmo


You were on level 2 of the Dungeon.
You visited 1 branch of the dungeon, and saw 2 of its levels.

You collected 48 gold pieces.

Inventory:

Hand Weapons
 a - a +1 sling (weapon) {Fernando}
 d - a -2 sling (offhand) {Choonhe}
Missiles
 m - 2 poisoned darts
 n - 2 curare-tipped darts
Armour
 c - a +0 robe (worn)
Wands
 o - a wand of flame (19)
Scrolls
 b - 2 scrolls of poison
 g - 2 scrolls of enchant armour {unknown}
 k - a scroll of identify {unknown}
 l - 2 scrolls of immolation {unknown}
Potions
 e - a potion of curing {unknown}
 f - 2 potions of enlightenment {unknown}
 h - a potion of invisibility {unknown}
 i - a potion of lignification {unknown}


   Skills:
 - Level 1.0 Fighting
 + Level 4.1 Ranged Weapons
 - Level 1.7 Dodging
 - Level 1.0 Spellcasting
 - Level 2.6 Hexes
 - Level 0.8 Fire Magic


You had 5 spell levels left.
You didn't know any spells.
Your spell library contained the following spells:

 Spells                   Type           Power      Damage    Failure   Level
 Jinxbite                 Hex            14%        N/A       16%         2
 Ensorcelled Hibernation  Hex/Ice        6%         N/A       26%         2
 Sigil of Binding         Hex            7%         N/A       30%         3
 Static Discharge         Conj/Air       0%         3-3/arc   41%         2
 Inner Flame              Hex/Fire       4%         N/A       41%         3
 Passwall                 Erth           0%         N/A       65%         3
 Swiftness                Air            0%         N/A       65%         3
 Cause Fear               Hex            3%         N/A       69%         4
 Dimensional Bullseye     Hex/Tloc       1%         N/A       86%         4
 Airstrike                Air            0%         2d(0-16)  96%         4
 Summon Lightning Spire   Summ/Air       0%         N/A       96%         4


Dungeon Overview and Level Annotations

Branches:
Dungeon (2/15)

Altars:


Innate Abilities, Weirdness & Mutations

You can wield a second weapon in your off-hand.
It takes a long time for you to wield or remove held weapons.
Your first few attacks do less damage.
You cannot equip rings or amulets.


Message History

The gnoll is heavily wounded.
You shoot a sling bullet.
The sling bullet hits the gnoll but does no damage.
The gnoll is heavily wounded.
The gnoll barely misses you.
Unknown command.
Fire: a) +1 sling {Fernando}
Press: ? - help, Q - select action, (/) - cycle Shift-Dir - straight line, f/p - gnoll
Aim: a gnoll, wielding a +2 heavy flail (heavily wounded, 65% to hit)
You shoot a sling bullet. The sling bullet hits the gnoll.
The gnoll is severely wounded.
You shoot a sling bullet.
The sling bullet hits the gnoll but does no damage.
The gnoll is severely wounded.
The gnoll hits you with a +2 heavy flail!
Fire: a) +1 sling {Fernando}
Press: ? - help, Q - select action, (/) - cycle Shift-Dir - straight line, f/p - gnoll
Aim: a gnoll, wielding a +2 heavy flail (severely wounded, 65% to hit)
You shoot a sling bullet.
The sling bullet barely misses the gnoll.
You shoot a sling bullet.
The sling bullet closely misses the gnoll.
The gnoll hits you with a +2 heavy flail!
* * * LOW HITPOINT WARNING * * *
Fire: a) +1 sling {Fernando}
Press: ? - help, Q - select action, (/) - cycle Shift-Dir - straight line, f/p - gnoll
Aim: a gnoll, wielding a +2 heavy flail (severely wounded, 65% to hit)
You shoot a sling bullet. The sling bullet hits the gnoll.
You kill the gnoll!
You shoot a sling bullet. The gnoll hits you with a +0 club.
* * * LOW HITPOINT WARNING * * *
Fire: a) +1 sling {Fernando}
Press: ? - help, Q - select action, (/) - cycle Shift-Dir - straight line, f - gnoll
Aim: a gnoll, wielding a +0 club (heavily wounded, 65% to hit)
Okay, then.
It was a potion of attraction.
You feel attractive to monsters. The gnoll hits you with a +0 club.
You die...

###.#
#....'......#..............
....#
#....#.#....#.####...##.##.
##### #....#.#.##...####.##.#..
.
#######....#.####...##......#..
.
#........###........##.##.#.#..
.
#........#########.....##.#.#...
#.......###......#...####.#.#
#...)..............>.# #.#.#
#........##.....@##.## #.#.#
#........##....gg##.# #.#..
#..).....##.......... #.###
#........##...........
.........##............
#........##............#
#........##......##.####
#........##....... .. #........#


You could see 2 gnolls.

Vanquished Creatures
  A gnoll (D:2)
  3 adders (D:2)
  A ribbon worm (D:2)
  A dart slug (D:1)
  7 ball pythons
  4 endoplasms
  A giant cockroach (D:1)
  5 goblins
  5 hobgoblins
  2 jackals (D:1)
  A quokka (D:2)
  4 bats
  2 frilled lizards (D:1)
  A kobold (D:2)
  3 rats (D:2)
41 creatures vanquished.

Notes
Turn   | Place    | Note
-------+----------+-------------------------------------------
     0 | D:1      | dolemite99 the Coglin Hexslinger began the quest for the
                  | Orb.
     0 | D:1      | Reached XP level 1. HP: 15/15 MP: 2/2
    27 | D:1      | Reached skill level 2 in Ranged Weapons
    58 | D:1      | Reached XP level 2. HP: 16/21 MP: 3/3
   732 | D:1      | Reached skill level 3 in Ranged Weapons
  1074 | D:2      | Reached XP level 3. HP: 26/26 MP: 4/4
  1375 | D:2      | Reached XP level 4. HP: 23/32 MP: 5/5
  1486 | D:2      | Reached skill level 4 in Ranged Weapons
  1948 | D:2      | Slain by a gnoll

Illustrated notes

Levels and vault maps discovered:
D:1:      tarquinn_simple_flora_water_b, layout_loops_ring
D:2:      layout_basic, hangedman_decor_slide_cut

Skill      XL: |  1  2  3  4 |
---------------+-------------+-----
Ranged Weapons | 2 3 4 |  4.1
Fighting       | |  1.0
Dodging        | |  1.7
Spellcasting   | |  1.0
Hexes          | |  2.6
Fire Magic     | |  0.8

Action                     |  1- 3 |  4- 6 || total
---------------------------+-------+-------++-------
   Fire: Sling             |   158 |    50 ||   208
    Use: Potion            |       |     1 ||     1
 Armour: Robe              |    11 |     7 ||    18
  Dodge: Dodged            |    11 |     6 ||    17

Table legend: (Time is in decaauts)
 A = Elapsed time spent in this place.
 B = Non-inter-level travel time spent in this place.
 C = Inter-level travel time spent in this place.
 D = Time resting spent in this place.
 E = Time spent auto-exploring this place.
 F = Levels seen in this place.
 G = Mean time per level.
                   A        B        C        D        E       F      G
               +--------+--------+--------+--------+--------+-----+--------+
         Total |   1973 |   1951 |     22 |    596 |   1094 |   2 |  986.5 |
       Dungeon |   1973 |   1951 |     22 |    596 |   1094 |   2 |  986.5 |
               +--------+--------+--------+--------+--------+-----+--------+

Top non-repeatable levels by time:
     D:1: 1060 daAuts
     D:2: 913 daAuts
